 Dungeon Crawl Stone Soup version 0.30-a0-879-ga8ba668304 (webtiles) character file.

Game seed: 9329586618807490866

14360 IndexError the Fighter (level 12, -9/81 HPs)
             Began as a Gargoyle Earth Elementalist on Mar 13, 2023.
             Was an Elder of Vehumet.
             Mangled by a komodo dragon (17 damage)
             ... on level 11 of the Dungeon.
             The game lasted 00:32:21 (11324 turns).

IndexError the Fighter (GrEE)                      Turns: 11324, Time: 00:32:22

Health: -9/81      AC: 17    Str: 12    XL:     12   Next: 15%
Magic:  25/26      EV: 11    Int: 21    God:    Vehumet [****..]
Gold:   1033       SH:  0    Dex: 10    Spells: 3/31 levels left

rFire   + . .      SeeInvis .    a - +4 shortbow
rCold   . . .      Faith    .    (shield currently unavailable)
rNeg    + . .      Spirit   .    E - +2 robe {rF+}
rPois   ∞          Reflect  .    A - +2 helmet
rElec   +          Rampage  .    O - +0 cloak
rCorr   +                        C - +0 pair of gloves
Will    .....                    (no boots)
Stlth   ++                       i - amulet of magic regeneration
HPRegen 0.33/turn                o - ring of resist corrosion
MPRegen 0.60/turn                (no ring)

@: no status effects
A: sickness immunity, AC +8, negative energy resistance 1, electricity
resistance, torment resistance 1, petrification resistance
a: Renounce Religion


You were on level 11 of the Dungeon.
You worshipped Vehumet.
Vehumet was greatly pleased with you.
You visited 2 branches of the dungeon, and saw 13 of its levels.

You collected 1033 gold pieces.

Inventory:

Hand Weapons
 a - a +4 shortbow (weapon)
   (You took it off a centaur on level 5 of the Dungeon)
 K - the +6 hand axe "Qeuseewoepn" {vamp, rF+ rCorr}
   (You took it off an orc priest on level 10 of the Dungeon)

   rF:        It protects you from fire.
   rCorr:     It protects you from acid and corrosion.
Missiles
 g - 7 curare-tipped darts
 j - a throwing net {=f, !d}
 k - 4 datura-tipped darts
 M - 6 javelins
Armour
 A - a +2 helmet (worn)
   (You found it on level 5 of the Dungeon)
 C - a +0 pair of gloves (worn)
   (You found it on level 5 of the Dungeon)
 E - a +2 robe of fire resistance (worn)
   (You took it off a wight on level 6 of the Dungeon)
 J - +0 acid dragon scales
   (You found it on level 11 of the Dungeon)
 O - a +0 cloak (worn)
   (You found it on level 11 of the Dungeon)
Jewellery
 i - an amulet of magic regeneration (around neck)
   (You found it on level 1 of the Dungeon)
 o - a ring of resist corrosion (left hand)
   (You found it on level 2 of the Dungeon)
 z - an amulet of the acrobat
   (You found it on level 5 of the Dungeon)
 B - a ring of fire {rF+, rC-}
   (You found it on level 7 of the Dungeon)
 I - an amulet of reflection
   (You found it on level 10 of the Dungeon)
 P - a ring of positive energy {rN+}
   (You found it on level 11 of the Dungeon)
Wands
 c - a wand of mindburst (5)
   (You took it off a kobold on level 7 of the Dungeon)
 d - a wand of charming (13)
   (You found it on level 7 of the Dungeon)
 f - a wand of roots (6)
   (You found it on level 11 of the Dungeon)
 q - a wand of quicksilver (7)
   (You found it on level 3 of the Dungeon)
 L - a wand of flame (4)
   (You took it off an orc on level 10 of the Dungeon)
Scrolls
 l - 3 scrolls of torment {!r}
 m - a scroll of immolation {!r}
 D - 2 scrolls of poison
 F - 2 scrolls of teleportation
Potions
 b - a potion of magic
 e - a potion of invisibility
 h - 5 potions of brilliance {unknown}
 n - 7 potions of attraction {unknown}
 p - 4 potions of heal wounds {unknown}
 r - a potion of berserk rage {!q}
 s - 2 potions of mutation {!q}
 t - a potion of haste
 u - a potion of lignification {!q}
 v - 2 potions of ambrosia
 w - 3 potions of flight {unknown}
 x - 5 potions of curing
 y - 2 potions of cancellation
 H - a potion of might
Miscellaneous
 G - a piece from Xom's chessboard (15/15)
   (You found it on level 9 of the Dungeon)
 N - a condenser vane
   (You found it on level 11 of the Dungeon)


   Skills:
 + Level 11.8 Fighting
 - Level 1.5 Dodging
 - Level 2.1 Stealth
 - Level 10.0 Spellcasting
 - Level 8.0 Conjurations
 - Level 5.0 Transmutations
 - Level 10.0 Earth Magic


You had 3 spell levels left.
You knew the following spells:

 Your Spells              Type           Power      Damage    Failure   Level
a - Sandblast             Erth           100%       2d20      1%          1
b - Searing Ray           Conj           88%        2d7       1%          2
c - Petrify               Tmut/Erth      42%        N/A       3%          4
d - Mephitic Cloud        Conj/Pois/Air  21%        N/A       1%          3
e - Ignite Poison         Fire/Tmut/Pois 17%        N/A       2%          3
f - Freezing Cloud        Conj/Ice/Air   10%        6-21      16%         5
g - Irradiate             Conj/Tmut      18%        3d17      3%          5
w - Passwall              Tmut/Erth      35%        N/A       1%          2
x - Stone Arrow           Conj/Erth      96%        3d13      1%          3

Your spell library contained the following spells:

 Spells                   Type           Power      Damage    Failure   Level
 Lee's Rapid Deconstruct  Erth           25%        3d14*     1%          5
 Static Discharge         Conj/Air       54%        2-5/arc   1%          2
 Wereblood                Tmut           31%        N/A       1%          2
 Kindle Blastsparks       Fire/Tloc/Air  20%        2d11      5%          3
 Necrotise                Necr           40%        1d6       6%          1
 Spider Form              Tmut/Pois      21%        N/A       7%          3
 Ensorcelled Hibernation  Hex/Ice        20%        N/A       10%         2
 Vampiric Draining        Necr           10%        2d6       19%         3
 Vhi's Electric Charge    Tloc/Air       20%        N/A       19%         3
 Arcjolt                  Conj/Air       13%        1d23      10%         5
 Lightning Bolt           Conj/Air       13%        1d27      10%         5
 Anguish                  Hex/Necr       5%         N/A       54%         4
 Agony                    Necr           10%        N/A       87%         5
 Summon Hydra             Summ           5%         N/A       100%        7
 Sublimation of Blood     Necr           Unusable   N/A       N/A         2

Dungeon Overview and Level Annotations

Branches:
Dungeon (12/15)            Temple (1/1) D:4            Lair (0/5) D:11
    Orc (0/2) D:11

Altars:
Ashenzari
Cheibriados
Dithmenos
Elyvilon
Fedhas
Gozag
Hepliaklqana
Kikubaaqudgha
Makhleb
Nemelex Xobeh
Okawaru
Qazlal
Ru
Sif Muna
Trog
Uskayaw
Vehumet
Wu Jian
Xom
Yredelemnul
Zin
The Shining One

Shops:
D:3 :

Portals:
Trove: D:10 (give +8 demon trident)

Annotations:
D:11 3 runed translucent doors, choppaz's ghost, journeyman TrFi


Innate Abilities, Weirdness & Mutations

You are immune to sickness and miasma.
Your stone body is resilient. (AC +8)
You are immune to poison.
You resist negative energy. (rN+)
You are resistant to electric shocks. (rElec)
You are resistant to unholy torment.
You are immune to petrification.


Message History

Aiming: Sandblast (safe; 1% risk of failure)
Press: ? - help, Q - select action, (/) - cycle Shift-Dir - straight line, f/p - orc
Aim: an orc, wielding a +0 mace and wearing a +0 chain mail (severely wounded, 89% to hit)
The blast of sand hits the orc!
Vehumet accepts your kill.
The orc shouts! x2
An orc warrior comes into view. It is wielding a +0 mace.
Aiming: Sandblast (safe; 1% risk of failure)
Press: ? - help, Q - select action, (/) - cycle Shift-Dir - straight line, f - orc
Aim: an orc, wielding a +0 club and wearing a +0 leather armour (85% to hit)
The blast of sand hits the orc!
Vehumet accepts your kill.
You feel your power returning.
The orc warrior shouts!
An orc priest comes into view. It is wielding a +0 whip of draining.
The komodo dragon hisses menacingly.
The orc priest looks satisfied for a moment.
You climb upwards.
Level annotation: 3 runed translucent doors, choppaz's ghost, journeyman TrFi
There is a stone staircase leading down here.
Aiming: Sandblast (safe; 1% risk of failure)
Press: ? - help, Q - select action, (/) - cycle Shift-Dir - straight line, f - two-headed ogre
Aim: a two-headed ogre, wielding a +0 giant spiked club and a +0 giant club (93% to hit)
The blast of sand hits the two-headed ogre!!
The two-headed ogre closely misses you.
The two-headed ogre hits you but does no damage.
Aiming: Sandblast (safe; 1% risk of failure)
Press: ? - help, Q - select action, (/) - cycle Shift-Dir - straight line, f/p - two-headed ogre
Aim: a two-headed ogre, wielding a +0 giant spiked club and a +0 giant club (heavily wounded, 93% to hit)
The blast of sand hits the two-headed ogre!
The two-headed ogre barely misses you. x2
Aiming: Sandblast (safe; 1% risk of failure)
Press: ? - help, Q - select action, (/) - cycle Shift-Dir - straight line, f/p - two-headed ogre
Aim: a two-headed ogre, wielding a +0 giant spiked club and a +0 giant club (heavily wounded, 93% to hit)
The blast of sand hits the two-headed ogre!!
Vehumet accepts your kill.
Training target 5.0 for Transmutations reached!
Your Transmutations skill increases to level 5!
Health restored: 81
Things that are here:
a +0 club; a +0 short sword
Things that are here:
a +0 club; a +0 short sword
Things that are here:
a +0 ring mail; 3 boomerangs; a +0 mace
Items here: ))) [[.
Things that are here:
a +0 club; a +0 heavy war axe
Things that are here:
a +0 ring mail; a +0 club You see here a +0 robe.
You see here a +0 robe.
You see here a +0 hand axe.
There is a stone staircase leading up here.
Things that are here:
a +0 ring mail; a +0 club
Things that are here:
a +0 club; a +0 heavy war axe
Items here: ))) [[.
Things that are here:
a +0 ring mail; 3 boomerangs; a +0 mace
Things that are here:
a +0 club; a +0 short sword
There is a stone staircase leading down here.
You climb downwards.
The ogre shouts!
The orc priest shouts!
The orc shouts!
The komodo dragon bites you!!
The orc priest looks satisfied for a moment.
An orc comes into view. It is wielding a +0 club.
There is a stone staircase leading up here.
You take 21 damage, and have 60/81 hp.
MASSIVE DAMAGE!!
The komodo dragon bites you!!
The orc shouts!
You climb upwards.
Level annotation: 3 runed translucent doors, choppaz's ghost, journeyman TrFi
There is a stone staircase leading down here.
You take 24 damage, and have 36/81 hp.
MASSIVE DAMAGE!!
Aiming: Sandblast (safe; 1% risk of failure)
Press: ? - help, Q - select action, (/) - cycle Shift-Dir - straight line, f - komodo dragon
Aim: a komodo dragon (89% to hit)
The blast of sand misses the komodo dragon.
The komodo dragon bites you but does no damage.
The komodo dragon bites you!!
* * * LOW HITPOINT WARNING * * *
You take 20 damage, and have 16/81 hp.
MASSIVE DAMAGE!!
You now have 25/26 mp.
Aiming: Sandblast (safe; 1% risk of failure)
Press: ? - help, Q - select action, (/) - cycle Shift-Dir - straight line, f/p - komodo dragon
Aim: a komodo dragon (89% to hit)
The blast of sand hits the komodo dragon!
The komodo dragon bites you!
* * * LOW HITPOINT WARNING * * *
You take 7 damage, and have 9/81 hp.
Aiming: Sandblast (safe; 1% risk of failure)
Press: ? - help, Q - select action, (/) - cycle Shift-Dir - straight line, f/p - komodo dragon
Aim: a komodo dragon (lightly wounded, 89% to hit)
The blast of sand hits the komodo dragon!
The komodo dragon bites you.
* * * LOW HITPOINT WARNING * * *
The komodo dragon bites you!
You die...

#..## #.#### #............#
....## #....####.[.........#
#.#..## ####<.###..[.########
#.##..# ##..#..##..# #.###.##
##.(.####.### # ..###..#
###..####...######## ....)#.##
####...............[.).
.....#..###....l)#######.######..
...[)#..##..###.@# #.## ##[#
..[#.)...........# #..## #..#
.#)###..........## ##..###..#
.[[#####....(...# ##....... #.<.#
##......## #.~....~ ##).###
#.....##### #..~~...
###[..#####.####(.# #...~.~.
#...#.#.##8.8# ##.# #...~≈~≈
+.....#.###'#####.### #..~~~≈≈


You could see a komodo dragon.

Vanquished Creatures
  2 two-headed ogres
  Urug (D:11)
  Nergalle (D:10)
  Sonja (D:11)
  An orc knight (D:11)
  A cyclops (D:11)
  A komodo dragon (D:11)
  Prince Ribbit (D:7)
  2 trolls (D:11)
  3 slime creatures (D:11)
  Sigmund (D:3)
  A spriggan (shapeshifter) (D:11)
  A water elemental (D:11)
  15 yaks
  2 wyverns
  8 vampire mosquitoes
  A steam dragon (D:9)
  4 acid dragons
  2 water moccasins (D:7)
  12 orc warriors
  An ice beast (D:6)
  3 sky beasts
  A black bear (D:5)
  2 wolves (D:11)
  An ogre (D:12)
  A centaur (D:5)
  2 phantoms
  3 bullfrogs
  2 kobold brigands
  A gnoll sergeant (D:8)
  A scorpion (D:6)
  18 wights
  An electric eel (D:11)
  6 howler monkeys
  4 jellies
  9 hounds
  5 orc priests
  5 iguanas
  Natasha (thrice) (D:3)
  3 orc wizards
  Robin (D:1)
  4 gnolls (D:8)
  8 adders
  2 white imps
  An ufetubus (D:6)
  2 worms (D:2)
  3 dart slugs
  45 orcs
  9 ball pythons
  3 endoplasms
  4 giant cockroaches
  16 goblins
  17 hobgoblins
  4 jackals
  2 quokkas
  6 bats
  11 frilled lizards
  3 goblin skeletons (D:5)
  A goblin zombie (D:5)
  15 kobolds
  2 kobold zombies (D:5)
  2 orc skeletons (D:5)
  5 rats
  A butterfly (D:9)
300 creatures vanquished.

Vanquished Creatures (others)
  7 plants (D:2)
7 creatures vanquished.

Grand Total: 307 creatures vanquished

Notes
Turn   | Place    | Note
-------+----------+-------------------------------------------
     0 | D:1      | IndexError the Gargoyle Earth Elementalist began the quest
                  | for the Orb.
     0 | D:1      | Reached XP level 1. HP: 10/10 MP: 3/3
   210 | D:1      | Reached XP level 2. HP: 15/15 MP: 1/5
   299 | D:1      | Reached skill level 4 in Earth Magic
   697 | D:1      | Reached XP level 3. HP: 19/19 MP: 4/6
  1276 | D:2      | Reached skill level 3 in Spellcasting
  1308 | D:2      | Noticed Robin
  1335 | D:1      | Reached XP level 4. HP: 14/24 MP: 6/8
  1335 | D:1      | Killed Robin
  1459 | D:2      | Learned a level 2 spell: Passwall
  1463 | D:2      | Learned a level 3 spell: Stone Arrow
  1470 | D:2      | Reached skill level 5 in Earth Magic
  1781 | D:3      | Found a hide-covered altar of Uskayaw.
  1852 | D:3      | Found Fakloh's Book Shoppe.
  2151 | D:3      | Noticed Natasha
  2154 | D:3      | Killed Natasha
  2155 | D:3      | Reached XP level 5. HP: 28/28 MP: 8/10
  2161 | D:3      | Noticed Natasha
  2176 | D:3      | Killed Natasha
  2218 | D:3      | Found a radiant altar of Vehumet.
  2316 | D:3      | Found a burning altar of Makhleb.
  2316 | D:3      | Found a faded altar of an unknown god.
  2326 | D:3      | Found a snail-covered altar of Cheibriados.
  2327 | D:3      | Noticed Sigmund
  2329 | D:3      | Killed Sigmund
  2330 | D:3      | Reached skill level 4 in Spellcasting
  2330 | D:3      | Reached skill level 6 in Earth Magic
  2330 | D:3      | Reached XP level 6. HP: 32/32 MP: 9/12
  2335 | D:3      | Found a glowing silver altar of Zin.
  2337 | D:3      | Found an ornate altar of the Wu Jian Council.
  2390 | D:3      | Noticed Natasha
  2391 | D:3      | Killed Natasha
  2459 | D:3      | Became a worshipper of Vehumet
  2654 | D:4      | Reached skill level 7 in Earth Magic
  2654 | D:4      | Reached XP level 7. HP: 36/36 MP: 12/14
  2667 | D:4      | Reached skill level 5 in Spellcasting
  2735 | D:4      | Learned a level 4 spell: Petrify
  2923 | D:4      | Found a staircase to the Ecumenical Temple.
  2928 | Temple   | Entered the Ecumenical Temple
  3072 | D:5      | Entered Level 5 of the Dungeon
  3075 | D:5      | HP: 6/36 [centaur/arrow (6)]
  3266 | D:5      | Found a shimmering blue altar of Sif Muna.
  3490 | D:5      | Reached * piety under Vehumet
  3490 | D:5      | Offered knowledge of Freeze by Vehumet.
  3661 | D:5      | Found a glowing golden altar of the Shining One.
  3915 | D:5      | Found a sacrificial altar of Ru.
  4007 | D:5      | Reached skill level 8 in Earth Magic
  4346 | D:6      | Reached skill level 6 in Spellcasting
  4346 | D:6      | Reached XP level 8. HP: 41/41 MP: 14/17
  4402 | D:6      | Noticed a yak
  4426 | D:5      | Reached skill level 9 in Earth Magic
  4620 | D:6      | Killed a yak
  4666 | D:6      | Reached skill level 7 in Spellcasting
  5006 | D:6      | Reached skill level 10 in Earth Magic
  5009 | D:6      | Reached XP level 9. HP: 45/45 MP: 20/20
  5288 | D:7      | Reached skill level 8 in Spellcasting
  5492 | D:7      | Reached ** piety under Vehumet
  5492 | D:7      | Offered knowledge of Searing Ray by Vehumet.
  5600 | D:7      | Learned a level 2 spell: Searing Ray
  5681 | D:7      | Reached skill level 1 in Conjurations
  5700 | D:7      | Reached skill level 2 in Conjurations
  5800 | D:7      | Reached skill level 3 in Conjurations
  6013 | D:7      | Reached skill level 9 in Spellcasting
  6198 | D:7      | Reached skill level 4 in Conjurations
  6270 | D:7      | Noticed Prince Ribbit
  6275 | D:7      | Killed Prince Ribbit
  6554 | D:7      | Reached skill level 5 in Conjurations
  6704 | D:8      | Reached XP level 10. HP: 50/50 MP: 21/23
  6774 | D:8      | Reached skill level 6 in Conjurations
  7065 | D:8      | Offered knowledge of Momentum Strike by Vehumet.
  7186 | D:9      | Reached skill level 10 in Spellcasting
  7197 | D:9      | Noticed a two-headed ogre
  7202 | D:9      | Killed a two-headed ogre
  7203 | D:9      | Reached skill level 7 in Conjurations
  7300 | D:9      | Found a shimmering altar of Xom.
  7318 | D:9      | Reached skill level 8 in Conjurations
  7319 | D:9      | Reached *** piety under Vehumet
  7337 | D:9      | Reached skill level 1 in Fighting
  7339 | D:9      | Reached skill level 2 in Fighting
  7437 | D:9      | Reached skill level 3 in Fighting
  7452 | D:9      | Reached skill level 4 in Fighting
  7459 | D:9      | Reached skill level 5 in Fighting
  8021 | D:10     | Entered Level 10 of the Dungeon
  8030 | D:10     | Reached skill level 6 in Fighting
  8124 | D:9      | HP: 10/61 [yak (13)]
  8350 | D:10     | HP: 14/61 [yak (12)]
  8351 | D:10     | Reached skill level 7 in Fighting
  8351 | D:10     | Reached XP level 11. HP: 15/67 MP: 25/25
  8664 | D:10     | Identified the +6 hand axe "Qeuseewoepn" {vamp, rF+ rCorr}
  8796 | D:10     | Reached skill level 8 in Fighting
  8806 | D:10     | Offered knowledge of Mephitic Cloud by Vehumet.
  9150 | D:10     | Found a portal to a secret trove of treasure.
  9364 | D:11     | Noticed a cyclops
  9373 | D:11     | Killed a cyclops
  9374 | D:11     | Reached skill level 9 in Fighting
  9590 | D:11     | Noticed Nergalle
  9611 | D:10     | Killed Nergalle
  9657 | D:11     | Reached **** piety under Vehumet
  9669 | D:11     | Learned a level 3 spell: Mephitic Cloud
  9673 | D:11     | Learned a level 3 spell: Ignite Poison
  9679 | D:11     | Learned a level 5 spell: Freezing Cloud
  9710 | D:11     | Learned a level 5 spell: Irradiate
  9717 | D:11     | Reached skill level 1 in Transmutations
  9788 | D:11     | Noticed an orc knight
  9789 | D:11     | Reached skill level 10 in Fighting
  9818 | D:11     | Killed an orc knight
  9819 | D:11     | Reached skill level 2 in Transmutations
  9938 | D:11     | Offered knowledge of Lee's Rapid Deconstruction by Vehumet.
 10238 | D:11     | Noticed Sonja
 10246 | D:11     | Reached skill level 3 in Transmutations
 10249 | D:11     | Killed Sonja
 10282 | D:11     | Noticed Urug
 10299 | D:11     | Killed Urug
 10300 | D:11     | Reached skill level 11 in Fighting
 10347 | D:11     | Found a staircase to the Lair.
 10364 | D:11     | Reached skill level 4 in Transmutations
 10480 | D:11     | Found a staircase to the Orcish Mines.
 10516 | D:11     | Found a runed translucent gate.
 10516 | D:11     | Found a runed translucent gate.
 10517 | D:11     | Found a runed translucent gate.
 10518 | D:11     | Noticed choppaz's ghost (journeyman TrFi)
 10778 | D:11     | Reached XP level 12. HP: 41/80 MP: 26/26
 11266 | D:12     | Noticed a two-headed ogre
 11275 | D:11     | Killed a two-headed ogre
 11276 | D:11     | Reached skill level 5 in Transmutations
 11322 | D:11     | HP: 16/81 [komodo dragon (21)]
 11324 | D:11     | Mangled by a komodo dragon

Illustrated notes

Levels and vault maps discovered:
D:1:      dpeg_arrival_concentric_ovals, layout_basic
D:2:      layout_rooms, minmay_lizard_king, uniq_robin
D:3:      layout_basic, nicolae_vehumet_altar_sigil, general_overflow_altar,
          chequers_temple_overflow_minitemple, serial_shops, shop, uniq_sigmund,
          uniq_natasha
D:4:      layout_gridville, minmay_temple_entry_offerings
D:5:      layout_loops_corners, nicolae_tso_besieged_by_evil,
          mainiacjoe_overflow_tiny_flanked, old_standard_altar
D:6:      layout_basic, minmay_fractal_squares_5
D:7:      layout_basic, serial_co_window_serial, co_window_of_opportunity_a,
          co_window_corner_a, co_window_paths_b, co_window_corner_a,
          co_window_corner_a, co_window_broadway_a, co_window_corner_ca,
          co_window_2corner, co_window_corner_b, co_window_unsneaky_path_b,
          co_window_4corner_b, co_window_4corner_a, glass_columns_a,
          glass_columns_c, glass_columns_c, glass_columns_a, glass_columns_b,
          uniq_prince_ribbit1
D:8:      layout_rooms
D:9:      layout_basic, xom_butterflies
D:10:     layout_grid_maze, nicolae_trove_entry_free_sample, enter_bailey_2,
          grunt_ministairs_7, minivault_16
D:11:     layout_rooms, erik_lair_island, hiddenorc1_lemuel, special_room
          [special_room_orc], gammafunk_ghost_spectres, uniq_sonja, uniq_urug,
          uniq_nergalle
D:12:     layout_long_grid, special_room [special_room_orc], chequers_avenue,
          nicolae_concentric_dashed_squares_wild, due_unseen_surprise
Temple:   nicolae_temple_godzebo

Skill      XL: |  1  2  3  4  5  6  7  8  9 10 11 12 |
---------------+-------------------------------------+-----
Earth Magic    | 4 5 6 7 8 10 | 10.0
Spellcasting   | 3 4 6 7 9 10 | 10.0
Conjurations   | 5 8 |  8.0
Fighting       | 7 11 | 11.8
Transmutations | 4 5 |  5.0
Dodging        | |  1.5
Stealth        | |  2.1

Action                     |  1- 3 |  4- 6 |  7- 9 | 10-12 || total
---------------------------+-------+-------+-------+-------++-------
  Melee: Whip              |     3 |     8 |       |       ||    11
   Fire: Shortbow          |       |       |    77 |   107 ||   184
   Cast: Sandblast         |    60 |    64 |   120 |   241 ||   485
         Stone Arrow       |       |       |     3 |    13 ||    16
         Mephitic Cloud    |       |       |       |     4 ||     4
         Freezing Cloud    |       |       |       |     1 ||     1
    Use: Scroll            |       |     6 |     8 |     8 ||    22
 Armour: Robe              |    15 |    12 |    11 |    83 ||   121
  Dodge: Dodged            |    27 |    12 |    36 |   121 ||   196

Table legend: (Time is in decaauts)
 A = Elapsed time spent in this place.
 B = Non-inter-level travel time spent in this place.
 C = Inter-level travel time spent in this place.
 D = Time resting spent in this place.
 E = Time spent auto-exploring this place.
 F = Levels seen in this place.
 G = Mean time per level.
                   A        B        C        D        E       F      G
               +--------+--------+--------+--------+--------+-----+--------+
         Total |  11679 |  10433 |   1246 |      0 |   8389 |  13 |  898.4 |
       Dungeon |  11579 |  10352 |   1227 |      0 |   8319 |  12 |  964.9 |
        Temple |     99 |     80 |     19 |      0 |     70 |   1 |   99.0 |
               +--------+--------+--------+--------+--------+-----+--------+

Top non-repeatable levels by time:
    D:11: 1793 daAuts
     D:7: 1443 daAuts
     D:1: 1276 daAuts
    D:10: 1228 daAuts
     D:5: 1210 daAuts
     D:9: 974 daAuts
     D:6: 822 daAuts
     D:3: 795 daAuts
     D:8: 726 daAuts
     D:2: 576 daAuts
     D:4: 563 daAuts
    D:12: 169 daAuts
  Temple: 99 daAuts

Table legend:
 A = Kills in this place as a percentage of kills in the entire game.
 B = Kills by you in this place as a percentage of kills by you in the entire game.
 C = Kills by friends in this place as a percentage of kills by friends in the entire game.
 D = Other kills in this place as a percentage of other kills in the entire game.
 E = Experience gained in this place as a percentage of experience gained in the entire game.
 F = Experience gained in this place divided by the number of levels of this place that you have seen.
                   A       B       C       D       E      F
               +-------+-------+-------+-------+-------+----------------------
         Total | 100.0 | 100.0 |   N/A | 100.0 | 100.0 | 1578.1
       Dungeon | 100.0 | 100.0 |   N/A | 100.0 | 100.0 | 1709.6
               +-------+-------+-------+-------+-------+----------------------
